 Dungeon Crawl Stone Soup version 0.30-b1-2-g02819fbbbe (webtiles) character file.

Game seed: 6717658346453973013

72 Angani the Grave Robber (level 4, -4/30 HPs)
             Began as a Barachi Necromancer on May 7, 2023.
             Was an Initiate of Fedhas.
             Slain by Natasha (5 damage)
             ... on level 2 of the Dungeon.
             The game lasted 00:04:27 (1903 turns).

Angani the Grave Robber (Barachi Necromancer)       Turns: 1903, Time: 00:04:27

Health: -4/30      AC:  3    Str:  9    XL:     4   Next: 26%
Magic:  3/8        EV: 12    Int: 17    God:    Fedhas [......]
Gold:   50         SH:  0    Dex: 13    Spells: 7/9 levels left

rFire   . . .        f - +0 dagger (drain)
rCold   . . .        (no shield)
rNeg    . . .        a - +0 robe
rPois   .            (no helmet)
rElec   .            (no cloak)
rCorr   .            (no gloves)
SInv    .            g - +0 pair of boots
Will    .....        (no amulet)
Stlth   ++           (no ring)
HPRegen 0.25/turn    (no ring)
MPRegen 0.11/turn

%: no passive effects
@: slowed, very slow
A: amphibious, slowness 1, strong legs 1, +LOS
a: Hop, Renounce Religion


You were on level 2 of the Dungeon.
You worshipped Fedhas.
Fedhas was noncommittal.
You visited 1 branch of the dungeon, and saw 2 of its levels.

You collected 50 gold pieces.

Inventory:

Hand Weapons
 f - a +0 dagger of draining (weapon)
Armour
 a - a +0 robe (worn)
 g - a +0 pair of boots (worn)
Scrolls
 c - 3 scrolls of identify {unknown}
 e - a scroll of teleportation {unknown}
 l - a scroll of fear {unknown}
Potions
 b - a potion of magic
 d - a potion of curing {unknown}
 h - 2 potions of degeneration {unknown}
 i - 2 potions of flight {unknown}
 j - a potion of resistance {unknown}
 k - 2 potions of heal wounds {unknown}


   Skills:
 - Level 2.1 Dodging
 + Level 2.7 Stealth
 - Level 0.2 Unarmed Combat
 + Level 3.3 Spellcasting
 - Level 3.6 Necromancy
 + Level 1.9 Fire Magic


You had 7 spell levels left.
You knew the following spells:

 Your Spells              Type           Power      Damage    Failure   Level
a - Necrotise             Necr           60%        1d7       3%          1
b - Foxfire               Conj/Fire      24%        2x1d5     12%         1

Your spell library contained the following spells:

 Spells                   Type           Power      Damage    Failure   Level
 Sublimation of Blood     Necr           15%        N/A       6%          2
 Vampiric Draining        Necr           15%        2d7       12%         3
 Wereblood                Tmut           2%         N/A       26%         2
 Volatile Blastmotes      Fire/Tloc      12%        2d11      34%         3
 Animate Dead             Necr           15%        N/A       36%         4
 Dispel Undead            Necr           15%        3d10      36%         4
 Agony                    Necr           15%        N/A       71%         5
 Flame Wave               Conj/Fire      6%         2d5       75%         4
 Summon Hydra             Summ           1%         N/A       100%        7
 Chain Lightning          Conj/Air       1%         3d1       100%        9


Dungeon Overview and Level Annotations

Branches:
Dungeon (2/15)

Altars:
Fedhas

Annotations:
D:2 1 runed translucent door, exclusion: door, Crazy Yiuf, Natasha


Innate Abilities, Weirdness & Mutations

You are amphibious.
You cover ground slowly.
You can hop short distances.
You have an extended range of vision and can be seen from far away.


Message History

You feel yourself slow down.
Unknown command.
Casting: Foxfire (safe; 12% risk of failure)
Press: ? - help, Q - select action, (/) - cycle Dir - look around, f - activate You conjure some foxfire!
Natasha claws you. x2
Unknown command.
You barely miss Natasha.
Natasha is moderately wounded.
The foxfire hits Natasha.
Natasha is heavily wounded.
The foxfire hits Natasha.
Natasha is severely wounded.
Natasha barely misses you.
Unknown command.
Casting: Foxfire (safe; 12% risk of failure)
Press: ? - help, Q - select action, (/) - cycle Dir - look around, f - activate You conjure some foxfire!
Natasha barely misses you.
Natasha stares at you and mumbles some strange words.
The magic dart hits you!
Your magical contamination has completely faded away.
You hit Natasha but do no damage.
Natasha is severely wounded.
The foxfire hits Natasha.
Natasha is almost dead.
The foxfire hits Natasha but does no damage.
Natasha is almost dead.
Natasha claws you.
* * * LOW HITPOINT WARNING * * *
Unknown command.
Casting: Foxfire (safe; 12% risk of failure)
Press: ? - help, Q - select action, (/) - cycle Dir - look around, f - activate You conjure some foxfire!
Natasha stares at you and mumbles some strange words.
The magic dart hits you!
* * * LOW HITPOINT WARNING * * *
Natasha claws you.
You die...
Fedhas appreciates your contribution to the ecosystem.

#.# #.#
#..##.##.##.###.#
#.# #.#
#.#.#.#..##.# #.##
#.# #.#
#.##...#.##.# #...
#.# #.#
#.###.##.##.# ####
#.# #.# #.#
#.##.##.###### #.#
#.#####.#
#.##.##....... #.#
#....>..#
#.##....###### #.#
########v###.#####.#
.......h@v.........#
####################


You could see Natasha (ally target).

Vanquished Creatures
  Natasha (D:2)
  An adder (D:2)
  A worm (D:2)
  3 dart slugs
  2 ball pythons (D:2)
  A giant cockroach (D:2)
  2 hobgoblins (D:1)
  2 quokkas
  8 bats
  2 frilled lizards
  3 goblins (D:2)
  2 kobolds
  5 rats
33 creatures vanquished.

Vanquished Creatures (others)
  71 foxfires
  5 fungi (D:2)
76 creatures vanquished.

Grand Total: 109 creatures vanquished

Notes
Turn   | Place    | Note
-------+----------+-------------------------------------------
     0 | D:1      | Angani the Barachi Necromancer began the quest for the Orb.
     0 | D:1      | Reached XP level 1. HP: 13/13 MP: 3/3
   145 | D:1      | Got the Commentary on the Wild Sun
   148 | D:1      | Learned a level 1 spell: Foxfire
   204 | D:1      | Reached XP level 2. HP: 19/19 MP: 2/5
   980 | D:2      | Found a runed translucent door.
   981 | D:2      | Noticed Crazy Yiuf
  1007 | D:2      | Found a blossoming altar of Fedhas.
  1014 | D:2      | Became a worshipper of Fedhas Madash
  1094 | D:2      | Got the Encyclopedia of Necromancy
  1149 | D:2      | Reached skill level 1 in Fire Magic
  1261 | D:2      | Reached XP level 3. HP: 24/24 MP: 5/7
  1326 | D:2      | Noticed Natasha
  1337 | D:2      | Killed Natasha
  1435 | D:2      | Found a faded altar of an unknown god.
  1532 | D:2      | Reached XP level 4. HP: 28/30 MP: 6/8
  1893 | D:2      | Noticed Natasha
  1903 | D:2      | HP: 1/30 [Natasha/magic dart (8)]
  1903 | D:2      | Slain by Natasha

Illustrated notes

Levels and vault maps discovered:
D:1:      minmay_arrival_up_and_down, layout_basic
D:2:      layout_loops_ring, basic_altar, shapermc_ecumenical_altar_venn,
          st_stairs_9, grunt_decor_mini_mirrors, uniq_crazy_yiuf_cottage,
          uniq_natasha

Skill      XL: |  1  2  3 |
---------------+----------+-----
Stealth        | 2 |  2.7
Fire Magic     | 1 |  1.9
Spellcasting   | 3 |  3.3
Dodging        | |  2.1
Unarmed Combat | |  0.2
Necromancy     | |  3.6

Action                     |  1- 3 |  4- 6 || total
---------------------------+-------+-------++-------
  Melee: Unarmed           |     5 |       ||     5
         Dagger            |    29 |    17 ||    46
   Cast: Necrotise         |     7 |       ||     7
         Foxfire           |    34 |    11 ||    45
   Stab: Sleeping          |     1 |     1 ||     2
 Armour: Robe              |     9 |     7 ||    16
  Dodge: Dodged            |    31 |     7 ||    38
